 Dungeon Crawl Stone Soup version 0.23-a0-121-g4413648 (webtiles) character file.

26 Amnesiac the Gusty (level 2, -4/19 HPs)
             Began as a Mummy Air Elementalist on Aug 25, 2018.
             Slain by Natasha (7 damage)
             ... on level 4 of the Dungeon.
             The game lasted 00:01:33 (627 turns).

Amnesiac the Gusty (Mummy Air Elementalist)          Turns: 627, Time: 00:01:34

Health: -4/19      AC:  2    Str: 11    XL:     2   Next: 89%
Magic:  0/6        EV: 12    Int: 14    God:
Gold:   35         SH:  0    Dex: 12    Spells: 4/7 levels left

rFire    x . .     SeeInvis .   (no weapon)
rCold    + . .     Gourm    .   (no shield)
rNeg     + + +     Faith    .   a - +0 robe
rPois    ∞         Spirit   .   (no helmet)
rElec    .         Reflect  .   (no cloak)
rCorr    .         Harm     .   (no gloves)
MR       .....                  (no boots)
Stlth    ++........             (no amulet)
HPRegen  0.06/turn              (no ring)
MPRegen  0.10/turn              (no ring)

@: very slightly contaminated
A: no food or potions, fire vulnerability, cold resistance 1, negative energy
resistance 3, torment resistance, unbreathing
a: no special abilities


You were on level 4 of the Dungeon.
You were not hungry.

You visited 1 branch of the dungeon, and saw 4 of its levels.

You collected 35 gold pieces.

Inventory:

Armour
 a - a +0 robe (worn)
Scrolls
 b - a scroll of remove curse {!r, unknown}


   Skills:
 - Level 1.5 Dodging
 - Level 1.5 Stealth
 + Level 3.1 Spellcasting
 - Level 0.7 Conjurations
 * Level 3.2 Air Magic


You had 4 spell levels left.
You knew the following spells:

 Your Spells              Type           Power        Failure   Level  Hunger
a - Shock                 Conj/Air       #...         10%         1    N/A
z - Swiftness             Chrm/Air       #.......     17%         2    N/A

Your spell library contained the following spells:

 Spells                   Type           Power        Failure   Level  Hunger
 Static Discharge         Conj/Air       #.......     28%         3    N/A
 Airstrike                Air            ##........   50%         4    N/A
 Lightning Bolt           Conj/Air       #.........   95%         5    N/A

Dungeon Overview and Level Annotations

Branches:
Dungeon (4/15)
 Temple: D:4-7

Altars:

Annotations:
D:4 Natasha


Innate Abilities, Weirdness & Mutations

You do not eat or drink.
Your flesh is vulnerable to fire.
You are immune to poison.
Your flesh is cold resistant. (rC+)
You are immune to negative energy. (rN+++)
You are immune to unholy pain and torment.
You can survive without breathing.


Message History

Unknown command.
Casting: Shock (safe; 10% risk of failure)
Confirm with . or Enter, or press ? or * to list all spells.
Aiming: Shock (safe; 10% risk of failure)
Press: ? - help, Shift-Dir - straight line, f - Natasha
Aim: Natasha (resting)
The zap hits Natasha.
Natasha appears unharmed.
Natasha hisses angrily.
Natasha casts a spell.
Unknown command.
Casting: Shock (safe; 10% risk of failure)
Confirm with . or Enter, or press ? or * to list all spells.
Aiming: Shock (safe; 10% risk of failure)
Press: ? - help, Shift-Dir - straight line, f/p - Natasha
Aim: Natasha You miscast Shock.
You are very lightly contaminated with residual magic.
The wind howls around you!
Casting: Shock (safe; 10% risk of failure)
Confirm with . or Enter, or press ? or * to list all spells.
Aiming: Shock (safe; 10% risk of failure)
Press: ? - help, Shift-Dir - straight line, f/p - Natasha
Aim: Natasha The zap misses Natasha.
The zap hits Natasha.
Natasha is lightly wounded.
The iron imp misses you.
Natasha stares at you and mumbles some strange words.
The magic dart hits you!
Unknown command.
Casting: Shock (safe; 10% risk of failure)
Confirm with . or Enter, or press ? or * to list all spells.
Aiming: Shock (safe; 10% risk of failure)
Press: ? - help, Shift-Dir - straight line, f/p - Natasha
Aim: Natasha (lightly wounded)
The zap hits Natasha.
Natasha is heavily wounded.
The zap hits Natasha.
Natasha is heavily wounded.
The iron imp hits you.
* * * LOW HITPOINT WARNING * * *
Natasha claws you.
* * * LOW HITPOINT WARNING * * *
Unknown command.
Casting: Shock (safe; 10% risk of failure)
Confirm with . or Enter, or press ? or * to list all spells.
Aiming: Shock (safe; 10% risk of failure)
Press: ? - help, Shift-Dir - straight line, f/p - Natasha
Aim: Natasha (heavily wounded)
The zap hits Natasha.
Natasha appears unharmed.
Natasha is heavily wounded.
The zap hits Natasha.
Natasha is severely wounded.
Natasha misses you. The iron imp hits you.
* * * LOW HITPOINT WARNING * * *
Unknown command.
Casting: Shock (safe; 10% risk of failure)
Confirm with . or Enter, or press ? or * to list all spells.
Aiming: Shock (safe; 10% risk of failure)
Press: ? - help, Shift-Dir - straight line, f/p - Natasha
Aim: Natasha (severely wounded)
The zap hits Natasha.
Natasha appears unharmed.
Natasha is severely wounded.
The zap misses Natasha.
Natasha claws you!
You die...

### #.. ## #.#
.. #.#
##.#.#####..
#...@.......
......5h......#
.#.#...........
##.....#####
#..##.# #.. .#
##. .# #. .#


You could see an iron imp and Natasha.

Vanquished Creatures
  An adder (D:2)
  A dart slug (D:2)
  A giant cockroach (D:1)
  2 goblins
  A hobgoblin (D:1)
  3 jackals (D:2)
  3 bats (D:2)
  A frilled lizard (D:2)
  2 rats (D:2)
15 creatures vanquished.

Notes
Turn   | Place    | Note
-------+----------+-------------------------------------------
     0 | D:1      | Amnesiac the Mummy Air Elementalist began the quest for the Orb.
     0 | D:1      | Reached XP level 1. HP: 13/13 MP: 4/4
   179 | D:1      | You fall through a shaft!
   225 | D:2      | Reached XP level 2. HP: 16/19 MP: 0/5
   277 | D:2      | Learned a level 2 spell: Swiftness
   621 | D:4      | Noticed Natasha
   627 | D:4      | Slain by Natasha

Vault maps used:
D:1:      matt_arrival_spirals
D:2:      kennysheep_cross_room
D:3:      regret_index_temple_of_mockery, lemuel_blue_sif_altar, zin_purify,
          gup_sewer_entry_glass, uniq_ijyb, uniq_robin
D:4:      okawaru_metal_pillars_3, minmay_temple_entry_crystal_x,
          nicolae_alphabet_shops, kennysheep_crisscross, uniq_eustachio,
          uniq_grinder, uniq_natasha

Skill      XL: |  1  2 |
---------------+-------+-----
Air Magic      | 3 |  3.2
Spellcasting   | 3 |  3.1
Dodging        | |  1.5
Stealth        | |  1.5
Conjurations   | |  0.7

Action                   || total
-------------------------++-------
Melee: Unarmed           ||     2
 Cast: Shock             ||    35
Armor: Robe              ||    11
Dodge: Dodged            ||    22

Table legend:
 A = Non-vault XP
 B = Vault XP
 C = Vault XP percentage of total XP
 D = Non-vault monster count
 E = Vault monster count
 F = Vault count percentage of total count
                 A         B        C        D         E       F
            +---------+---------+-------+---------+---------+-------
      Total |      38 |       0 |   0.0 |      15 |       0 |   0.0
            +---------+---------+-------+---------+---------+-------
        D:1 |       6 |       0 |   0.0 |       3 |       0 |   0.0
        D:2 |      32 |       0 |   0.0 |      12 |       0 |   0.0
            +---------+---------+-------+---------+---------+-------
